 Dungeon Crawl Stone Soup version bcrawl-1.40.3b (webtiles) character file.

Game seed: 7600737885903619836

12145051 Artagas the Sorcerer (level 27, 173/173 HPs)
             Began as an Avariel Air Elementalist on Nov 24, 2023.
             Was the Champion of Sif Muna.
             Escaped with the Orb
             ... and 3 runes!
             The game lasted 04:21:10 (80874 turns).

Artagas the Sorcerer (Avariel Air Elementalist)    Turns: 80874, Time: 04:21:11

Health: 173/173    AC: 28    Str:  6    XL:     27
Magic:  51/51      EV: 27    Int: 43    God:    Sif Muna [******]
Gold:   5187       SH: 12    Dex: 21    Spells: 10/71 levels left

rFire    + + +     GDR:     39% S - staff of cold
rCold    + + +     SeeInvis .   r - +4 buckler {reflect}
rNeg     . . .     Gourm    .   U - +6 faerie dragon scales {+Blink rC+ rCorr Str-4}
rPois    +         Faith    .   j - +2 helmet {Int+3}
rElec    .         Spirit   .   c - +1 cloak {rPois}
rCorr    +         Reflect  +   x - +2 pair of gloves of the Stars {MR+}
MR       +++..                  X - +1 pair of boots of Distant Worlds {Str+4 Dex+2 Stlth-}
Stlth    +.........             Y - amulet of the acrobat
HPRegen  0.38/turn              T - +8 ring of intelligence
MPRegen  0.32/turn              R - ring of Lady Luck {rF+++ rC+ Int-3 Dex+8 Slay-5}

@: flying quickly and evasively, studying Staves, deflect missiles, quick
A: rugged brown scales 1, clumsy 1, able to fly
0: Orb of Zot
}: 3/15 runes: decaying, slimy, gossamer
a: Stop Flying, Divine Energy, Channel Magic, Forget Spell, Moment of Magic,
Renounce Religion, Evoke Blink


You escaped.
You worshipped Sif Muna.
Sif Muna was exalted by your worship.
You were full.

You visited 11 branches of the dungeon, and saw 46 of its levels.
You also visited: Ice Cave.

You collected 7835 gold pieces.
You spent 2648 gold pieces at shops.

Inventory:

Hand Weapons
 M - the +10 halberd "Inozac" {drain, *Corrode rElec rF+++ Stlth+}
   (You found it on level 3 of the Spriggan Forest)

   A truly terrible weapon, it drains the life of those it strikes.
   It renders you almost immune to fire.
   It insulates you from electricity.
   It may corrode you when you take damage.
   It makes you more stealthy.
Missiles
 F - 14 throwing nets {=f}
 K - 749 poisoned tomahawks (quivered)
Armour
 c - a +1 cloak of poison resistance (worn)
   (You took it off a draconian annihilator on level 2 of the Realm of Zot)
 j - a +2 helmet of intelligence (worn)
   (You bought it in a shop on level 3 of the Depths)
 r - a +4 buckler of reflection (worn)
   (You took it off a spriggan on level 3 of the Swamp)
 u - the +2 pair of gloves "Cickiut" {Int+4}
   (You bought it in a shop in the Orcish Mines)

   It affects your intelligence (+4).
 x - the +2 pair of gloves of the Stars (worn) {MR+}
   (You found it on level 3 of the Spriggan Forest)

   It affects your resistance to hostile enchantments.
 U - the +6 faerie dragon scales (worn) {+Blink rC+ rCorr Str-4}
   (You took it off the Enchantress on level 3 of the Spriggan Forest)

   It affects your strength (-4).
   It protects you from cold.
   It lets you blink.
   It provides partial protection from all sources of acid and corrosion.
 X - the +1 pair of boots of Distant Worlds (worn) {Str+4 Dex+2 Stlth-}
   (You bought it in a shop on level 3 of the Depths)

   It affects your strength (+4).
   It affects your dexterity (+2).
   It makes you less stealthy.
Magical Staves
 S - an uncursed staff of cold (weapon)
   (You found it on level 5 of the Pits of Slime)
Jewellery
 f - an uncursed ring of protection from fire
   (You found it on level 5 of the Lair of Beasts)
 k - an uncursed ring of resist corrosion
   (You found it on level 5 of the Lair of Beasts)
 m - the ring "Luufaw" {+Fly rN+ MR+}
   (You acquired it on level 1 of the Realm of Zot)

   [ring of positive energy]

   It protects you from negative energy.
   It affects your resistance to hostile enchantments.
   It lets you fly.
 R - the ring of Lady Luck (right hand) {rF+++ rC+ Int-3 Dex+8 Slay-5}
   (You found it on level 5 of the Pits of Slime)

   [ring of protection from cold]

   It affects your intelligence (-3).
   It affects your dexterity (+8).
   It affects your accuracy and damage with ranged weapons and melee attacks
   (-5).
   It renders you almost immune to fire.
   It protects you from cold.
 T - a +8 ring of intelligence (left hand)
   (You found it on level 5 of the Pits of Slime)
 Y - an amulet of the acrobat (around neck)
   (You found it on level 1 of the Vaults)
Wands
 v - a wand of digging (27)
   (You took it off the Enchantress on level 3 of the Spriggan Forest)
 A - a wand of iceblast (35)
   (You found it on level 3 of the Dungeon)
 I - a wand of acid (14)
   (You found it on level 2 of the Vaults)
 J - a wand of paralysis (34)
   (You found it on level 1 of the Lair of Beasts)
 O - a wand of charming (15)
   (You found it on level 1 of the Lair of Beasts)
Scrolls
 o - 7 scrolls of fog
 t - 22 scrolls of teleportation
 z - 8 scrolls of blinking
 B - a scroll of summoning
 C - 2 scrolls of revelation
 D - 5 scrolls of fear
 H - 5 scrolls of vulnerability
 L - 8 scrolls of immolation
Potions
 b - 4 potions of flight
 d - 13 potions of might
 g - 5 potions of ambrosia
 h - a potion of haste
 l - a potion of invisibility
 n - 5 potions of resistance
 q - 12 potions of curing
 s - 5 potions of agility
 w - 2 potions of heal wounds
 E - 3 potions of cancellation
 G - 7 potions of magic
 N - 3 potions of lignification
 V - 6 potions of mutation
Miscellaneous
 p - a lamp of fire
   (You found it on level 3 of the Spriggan Forest)
 y - a fan of gales (1/2)
   (You found it on level 3 of the Spriggan Forest)
 Q - 4 boxes of beasts
 W - a lightning rod (4/4)
   (You found it on level 5 of the Lair of Beasts)
 Z - a phial of floods
   (You found it on level 1 of the Vaults)
Comestibles
 e - 29 rations {!d}


   Skills:
 + Level 16.0 Fighting
 - Level 11.0 Armour
 - Level 15.0 Dodging
 - Level 2.1 Stealth
 - Level 10.0 Shields
 + Level 22.9 Spellcasting
 + Level 21.3 Conjurations
 - Level 14.0 Hexes
 - Level 1.2 Charms
 - Level 10.0 Summonings
   Level 6.0 Necromancy
 - Level 7.0 Transmutations
 - Level 15.0 Ice Magic
 + Level 21.3 Air Magic
 - Level 12.0 Poison Magic
 + Level 16.5 Invocations
 + Level 12.4 Evocations


You had 10 spell levels left.
You knew the following spells:

 Your Spells              Type           Power        Failure   Level  Hunger
a - Poison Arrow          Conj/Pois      ########..   1%          6    None
b - Chain Lightning       Conj/Air       ########..   1%          8    ##.....
c - Glaciate              Conj/Ice/Air   ########..   2%          8    None
d - Orb of Destruction    Conj           ########..   1%          7    None
e - Spellforged Servitor  Conj/Summ      ########..   1%          7    None
f - Invisibility          Hex            ########     1%          6    None
g - Irradiate             Conj/Tmut      ########..   1%          5    None
h - Swiftness             Chrm/Air       #######.     0%          2    None
i - Aura of Abjuration    Summ           #######...   2%          6    None
j - Deflect Missiles      Chrm/Air       #######...   1%          6    None

Your spell library contained the following spells:

 Spells                   Type           Power        Failure   Level  Hunger
 Corona                   Hex            #######      0%          1    None
 Flame Tongue             Conj/Fire      #####        0%          1    None
 Freeze                   Ice            ######       0%          1    None
 Magic Dart               Conj           ####         0%          1    None
 Slow                     Hex            ########     0%          1    None
 Static Discharge         Air            ######       0%          1    None
 Sting                    Conj/Pois      ####         0%          1    None
 Ensorcelled Hibernation  Hex/Ice        ######       0%          2    None
 Poisonous Vapours        Pois/Air       ######       0%          2    None
 Searing Ray              Conj           ########     0%          2    None
 Shackle                  Hex            ########     0%          2    None
 Shock                    Conj/Air       #######      0%          2    None
 Throw Frost              Conj/Ice       ######       0%          2    None
 Confuse                  Hex            ########     0%          3    None
 Dazzling Orbs            Conj/Hex       #######      0%          3    None
 Iskenderun's Mystic Bla  Conj           ########     0%          3    None
 Mephitic Cloud           Conj/Pois/Air  ########     0%          3    None
 Tukima's Dance           Hex            ########     0%          3    None
 Airstrike                Air            ########..   0%          4    None
 Fulminant Prism          Conj/Hex       ########..   0%          4    None
 Lightning Bolt           Conj/Air       ########     0%          4    None
 Throw Icicle             Conj/Ice       ########     0%          4    None
 Freezing Cloud           Ice/Air        ########     0%          5    None
 Apportation              Tloc           #####.       1%          1    None
 Beastly Appendage        Tmut           ######       1%          1    None
 Blink Other              Tloc           #####.       1%          1    None
 Infusion                 Chrm           ######..     1%          1    None
 Necrotize                Necr           ######       1%          1    None
 Sandblast                Erth           #####.       1%          1    None
 Summon Butterflies       Summ           #######.     1%          1    None
 Summon Small Mammal      Summ           ####         1%          1    None
 Blink                    Tloc           N/A          1%          2    None
 Call Imp                 Summ           ######       1%          2    None
 Corpse Rot               Necr           N/A          1%          2    None
 Flaming Arrows           Chrm/Fire      ######..     1%          2    None
 Passwall                 Tmut/Erth      ######..     1%          2    None
 Song of Slaying          Chrm           ######..     1%          2    None
 Sticks to Snakes         Tmut           #######.     1%          2    None
 Sublimation of Blood     Necr           #######...   1%          2    None
 Call Canine Familiar     Summ           #######.     1%          3    None
 Conjure Flame            Conj/Fire      #######.     1%          3    None
 False Image              Hex/Summ       ########     1%          3    None
 Ignite Poison            Fire/Tmut/Pois #######.     1%          3    None
 Inner Flame              Hex/Fire       N/A          1%          3    None
 Ozocubu's Armour         Chrm/Ice       ########     1%          3    None
 Recall                   Summ/Tloc      N/A          1%          3    None
 Regeneration             Chrm/Necr      ######....   1%          3    None
 Spectral Weapon          Hex/Chrm       #######.     1%          3    None
 Spider Form              Tmut/Pois      ###          1%          3    None
 Stone Arrow              Conj/Erth      ######       1%          3    None
 Vampiric Draining        Necr           #######...   1%          3    None
 Agony                    Necr           #######.     1%          4    None
 Animate Dead             Necr           N/A          1%          4    None
 Cause Fear               Hex            ########..   1%          4    None
 Ice Form                 Ice/Tmut       ########     1%          4    None
 Sticky Flame             Conj/Fire      #######.     1%          4    None
 Summon Ice Beast         Ice/Summ       ########     1%          4    None
 Summon Scorpions         Summ/Pois      #######.     1%          4    None
 Tree Form                Hex/Tmut       N/A          1%          4    None
 Yara's Violent Unravell  Hex/Tmut       #######...   1%          4    None
 Blade Hands              Tmut           #######...   1%          5    None
 Bolt of Draining         Conj/Necr      ########..   1%          5    None
 Bolt of Magma            Conj/Fire/Erth #######...   1%          5    None
 Fireball                 Conj/Fire      #######...   1%          5    None
 Iskenderun's Battlesphe  Conj/Chrm      #######.     1%          5    None
 Metabolic Englaciation   Hex/Ice        ########..   1%          5    None
 Silence                  Hex/Air        ########..   1%          5    None
 Summon Demon             Summ           #######...   1%          5    None
 Summon Lightning Spire   Summ/Air       ########     1%          5    None
 Summon Mana Viper        Hex/Summ       ########     1%          5    None
 Venom Bolt               Conj/Pois      ########..   1%          5    None
 Bolt of Cold             Conj/Ice       ########..   1%          6    None
 Bolt of Fire             Conj/Fire      #######...   1%          6    None
 Conjure Ball Lightning   Conj/Air       ########..   1%          6    None
 Darkness                 Hex            ########..   1%          6    None
 Infestation              Hex/Tmut/Pois  #######..    1%          6    None
 Iron Shot                Conj/Erth      #######...   1%          6    None
 Ozocubu's Refrigeration  Ice            ########..   1%          6    None
 Virulence                Hex/Pois       ########     1%          6    None
 Icicle Burst             Conj/Ice       ########..   1%          7    None
 Mana Rupture             Conj/Hex       ########..   1%          7    None
 Petrify                  Tmut/Erth      ######....   2%          4    None
 Dispel Undead            Necr           #######.     2%          5    None
 Simulacrum               Ice/Necr       ########     2%          6    None
 Summon Hydra             Summ           #######...   2%          6    None
 Discord                  Hex            ########..   2%          7    None
 Summon Forest            Summ/Tloc      #######...   3%          5    None
 Monstrous Menagerie      Summ           #######...   14%         7    None
 Shadow Creatures         Summ           N/A          14%         7    None
 Summon Greater Demon     Summ           #######...   14%         7    None
 Piercing Shot            Chrm           ######....   17%         5    None
 Scorpion Form            Tmut/Pois      #######...   19%         7    None
 Steam Barrier            Chrm/Fire      ######....   22%         5    None
 Blight                   Necr/Pois      #######..    22%         7    None
 Haunt                    Necr/Summ      #######...   32%         7    None
 Death Channel            Chrm/Necr      ######....   34%         6    None
 Statue Form              Tmut/Erth      ######...    36%         6    None
 Borgnjor's Vile Clutch   Necr/Erth      ######....   43%         6    None
 Dragon Form              Tmut           #######      45%         7    None
 Lehudib's Crystal Spear  Conj/Erth      #######...   65%         8    ##.....
 Tornado                  Tloc/Air       #######...   65%         8    ##.....
 Malign Gateway           Summ/Tloc      #######...   75%         7    None
 Summon Fire Elementals   Fire/Summ      #######..    75%         7    None
 Summon Horrible Things   Summ           #######...   75%         8    ##.....
 Dispersal                Tloc           #####.....   85%         6    None
 Ignition                 Hex/Fire       #######...   98%         8    ##.....
 Necromutation            Tmut/Necr      #######.     99%         8    ##.....
 Time Stop                Chrm/Tloc      N/A          100%        8    ##.....
 Dragon's Call            Summ           #######...   100%        9    ####...


Dungeon Overview and Level Annotations

Branches:
Dungeon (12/12)            Temple (1/1) D:5            Lair (6/6) D:8
  Swamp (3/3) Lair:2       Spider (3/3) Lair:4        Slime (5/5) Orc
    Orc (1/1) D:10         Vaults (2/3) D:11         Forest (3/3) Lair:6
  Crypt (0/2) Vaults:2     Depths (5/5) D:12            Zot (5/5) Depths:5

Altars:
Ashenzari
Cheibriados
Dithmenos
Elyvilon
Fedhas
Gozag
Hepliaklqana
Kikubaaqudgha
Lugonu
Makhleb
Nemelex Xobeh
Okawaru
Qazlal
Ru
Sif Muna
Trog
Uskayaw
Vehumet
Wu Jian
Xom
Yredelemnul
Zin
The Shining One
Jiyva

Shops:
D:5 }   D:10 :   Orc [[*[[(*=*   Vaults:1 (   Vaults:2 *   Depths:1 [
Depths:2 ?   Depths:3 [

Portals:
Hell: Depths:1 Depths:2 Depths:3 Depths:4 Depths:5
Abyss: Depths:2 Depths:4 Depths:5
Pandemonium: Depths:3
Ziggurat: Depths:2

Annotations:
D:7 1 runed door
D:9 3 runed translucent doors, Cris's ghost, novice GnNe
Depths:2 2 transporters, Artagas's ghost, veteran HuNe
Depths:3 3 runed translucent doors, Caat Rau's ghost, adept DgCj
Zot:5 3 runed translucent doors, Pongem's ghost, legendary MiAK


Innate Abilities, Weirdness & Mutations

You can fly continuously.
You are partially covered in rugged brown scales. (AC +1, +3% HP)
You are clumsy. (Dex -2)


Message History

There is an open door here.
Your magical contamination has completely faded away.
There is an open door here.
There is a stone staircase leading up here.
You fly upwards.
Level annotation: 3 runed translucent doors, Cris's ghost, novice GnNe
There is a stone staircase leading down here.
You use a rune to identify the item.
You see here a +0 rapier.
There is a stone staircase leading up here.
You fly upwards.
There is a stone staircase leading down here.
Things that are here:
130 arrows; a +0 shortbow
There is a stone staircase leading up here.
You fly upwards.
Level annotation: 1 runed door
There is a stone staircase leading down here.
A soul eater, a sun demon, a pandemonium lord and a lich come into view.
Evoke which item? (* to show all) (? for menu, Esc to quit)
Okay, then.
Press: ? - help, v - describe, . - travel Unknown command.
Unknown command.
Press: ? - help, v - describe, . - travel
Here: Maavitoi, armed with a flaming touch You feel yourself speed up.
The lich shouts!
Evoke which item? (* to show all) (? for menu, Esc to quit)
A fierce wind blows from the fan.
The monsters around you are blown away!
There is a stone staircase leading up here.
Maavitoi gestures at you. You deflect the poison arrow!
The lich points at you and mumbles some strange words.
Your +4 buckler of reflection reflects the lance of force!
The lance of force hits the lich!!
The lich is knocked back by the lance of force.
A rune on the stairs sparks and fizzles.
You fly upwards.
There is a stone staircase leading down here.
(D) Dungeon (T) Temple (L) Lair (S) Swamp (N) Spider Nest (M) Slime Pits (O) Orcish Mines (V) Vaults (F) Spriggan Forest (C) Crypt (U) Depths (H) Hell (Z) Zot
Where to? (Enter - D:1 @ (x,y), ? - help)
What level of the Dungeon? (default 1, ? - help)
You use a rune to identify the item.
You see here a +0 spear.
There is a stone staircase leading up here.
You fly upwards.
There is a stone staircase leading down here.
You use a rune to identify the item.
You see here a +0 spear.
Your extra speed is starting to run out.
There is a stone staircase leading up here.
You fly upwards.
There is a stone staircase leading down here.
You feel yourself slow down.
An Orb Guardian comes into view.
Casting: Irradiate (safe; 1% risk of failure)
Confirm with . or Enter, or press ? or * to list all spells.
Aiming: Poison Arrow (safe; 1% risk of failure)
Press: ? - help, Shift-Dir - straight line, f - Orb Guardian
Aim: an Orb Guardian The poison arrow hits the Orb Guardian!!!
The Orb Guardian is poisoned.
The Orb Guardian is severely wounded.
Things that are here:
a cursed +0 ring mail; a +0 club
Casting: Poison Arrow (safe; 1% risk of failure)
Confirm with . or Enter, or press ? or * to list all spells.
Aiming: Poison Arrow (safe; 1% risk of failure)
Press: ? - help, Shift-Dir - straight line, f/p - Orb Guardian
Aim: an Orb Guardian (almost dead, poisoned)
The poison arrow hits the Orb Guardian!!!
The Orb Guardian looks more poisoned.
You kill the Orb Guardian!
Sif Muna accepts your kill.
(D) Dungeon (T) Temple (L) Lair (S) Swamp (N) Spider Nest (M) Slime Pits (O) Orcish Mines (V) Vaults (F) Spriggan Forest (C) Crypt (U) Depths (H) Hell (Z) Zot
Where to? (Enter - D:1 @ (x,y), ? - help)
There is a stone staircase leading up, spattered with blood here.
You fly upwards.
There is a stone staircase leading down here.
There is an open door here.
There is an open door here.
You see here a +0 club.
There is a stone staircase leading up here.
You fly upwards.
There is a stone staircase leading down here.
HP restored.
Magic restored.
There is a stone staircase leading up here.
You fly upwards.
There is a stone staircase leading down here.
There is a staircase leading out of the dungeon here.
The power of the Orb breaks the dimensional shunt like a soap bubble!
You have escaped!

#..#.......#.......#
#.##...
..........[........#
#......
........#.###......#
######. ......#.#.#
######## ###...
.....÷#...# #...#.
......#####
###############.
......#
###>≈≈≈≈≈≈≈≈≈>###.
......#
#.##..≈≈≈≈≈..##...
......#
#@.###.≈≈≈.###....
......#
#....###≈###......
......#
##.....#'#.....#.#
......#
##.........^.##..
......#
###.......####..
####### ###...###
##. ##'########.
#....#.#...
#.#.##.#.#.


There were no monsters in sight!

Vanquished Creatures
  the Royal Jelly (Slime:5)
  2 pandemonium lords
  5 orbs of fire (Zot:5)
  3 ancient liches (Zot:5)
  Mennas (Depths:5)
  the Enchantress (Forest:3)
  Bai Suzhen (Swamp:2)
  8 golden dragons
  Boris (Depths:4)
  4 Killer Klowns (Zot:5)
  Arachne (Spider:2)
  4 caustic shrikes (Depths:5)
  2 curse toes
  Saint Roka (Vaults:2)
  Jory (Depths:3)
  3 rockslimes
  Zenata (Depths:1)
  A bone dragon (Depths:5)
  Nikola (Swamp:2)
  3 Orb Demons
  3 electric golems (Zot:5)
  Frances (D:12)
  15 tentacled monstrosities
  An Ice Fiend (D:12)
  27 Orb Guardians
  10 wendigos
  2 liches
  Jorgrun (Spider:2)
  A titan (Depths:5)
  Asterion (Depths:1)
  4 quicksilver dragons
  10 death cobs
  2 sphinxes
  29 acid blobs
  5 tengu reavers
  4 draconian monks
  8 thorn hunters
  2 greenwood witches
  6 shadow dragons
  11 storm dragons
  3 apis
  6 frost giants
  13 azure jellies
  A balrug (Depths:3)
  8 draconian knights
  A war gargoyle (Vaults:2)
  4 fire giants
  2 orc warlords
  An iron dragon (Depths:4)
  7 emperor scorpions
  Aizul (Swamp:1)
  9 draconian shifters
  Louise (Depths:5)
  A caustic shrike zombie (Depths:3)
  A vault warden (Vaults:1)
  8 ghost moths
  9 draconian stormcallers
  A reaper (Zot:5)
  2 jiangshi
  3 eyes of devastation
  21 stone giants
  9 draconian annihilators
  8 draconian scorchers
  An ironheart preserver (Vaults:1)
  37 very ugly things
  2 elemental wellsprings (Forest:3)
  3 deep elf demonologists
  17 green draconians
  17 white draconians
  5 entropy weavers
  3 vampire knights
  17 red draconians
  4 dire elephants
  9 black draconians
  23 yellow draconians
  11 spark wasps
  11 purple draconians
  A green death (Zot:5)
  Azrael (Spider:2)
  5 ettins
  10 fire dragons
  13 yaktaur captains
  Josephine (Lair:5)
  5 spriggan air magi
  6 anacondas
  A hell beast (Depths:5)
  5 ice dragons
  Erica (D:11)
  13 hydras
  2 catoblepae
  2 ogre magi (Depths:2)
  3 rakshasas
  6 ghost crabs
  6 death oozes (Slime:5)
  14 shambling mangroves
  A death knight (Vaults:2)
  Sonja (Lair:2)
  10 great orbs of eyes
  9 two-headed ogres
  4 satyrs
  6 alligators
  3 dancing weapons
  12 death yaks
  A tengu warrior (Vaults:1)
  8 ancient automatons
  2 orc high priests (Orc)
  10 deep troll shamans
  7 deep troll earth magi
  9 spriggan berserkers
  5 vampire magi
  A shock serpent (shapeshifter) (Vaults:1)
  A soul eater (Depths:5)
  28 spriggans
  20 deep trolls
  2 deep elf knights (Vaults:2)
  24 centaur warriors
  5 iron trolls
  8 skeletal warriors (Depths:3)
  A death drake (shapeshifter) (Depths:1)
  A salamander mystic (Depths:5)
  An anaconda zombie (Swamp:3)
  A sixfirhy (Depths:3)
  A titan skeleton (Depths:3)
  5 hell knights (Depths:2)
  An unseen horror (shapeshifter) (Depths:1)
  3 spriggan druids (Swamp:3)
  4 swamp dragons
  4 glowing orange brains
  2 unseen horrors (D:12)
  2 flayed ghosts
  2 spectral hydras (Swamp:3)
  3 deep elf archers
  A cyclops (D:12)
  A wolf spider zombie (D:7)
  4 ironheart convokers (Vaults:1)
  5 necromancers
  8 wizards
  A golden dragon skeleton (Depths:3)
  2 orc knights
  4 phantasmal warriors
  7 oklob plants
  3 deep elf magi
  2 fire giant zombies (Depths:1)
  28 ugly things
  18 orb spiders
  3 orc sorcerers (Orc)
  26 wolf spiders
  6 fauns
  A tengu skeleton (Depths:3)
  5 shining eyes
  A shining eye (shapeshifter) (Depths:4)
  4 manticores
  20 moths of wrath
  A spriggan zombie (Depths:3)
  4 salamanders (Depths:5)
  6 elephants (Lair:4)
  A water nymph (Forest:3)
  27 will-o'-wisps
  3 vault sentinels (Vaults:1)
  A frost giant skeleton (Depths:3)
  A black mamba (shapeshifter) (Depths:2)
  3 rust devils
  A smoke demon (Depths:3)
  An orange demon (Depths:3)
  2 hellions (Zot:3)
  2 gargoyles (D:9)
  3 black mambas
  26 cane toads
  An efreet (Zot:3)
  38 yaktaurs
  An ice devil (Depths:4)
  A rime drake (Lair:6)
  2 yaktaur zombies (Vaults:1)
  8 demonic crawlers
  5 komodo dragons
  22 jumping spiders
  2 freezing wraiths
  2 eyes of draining (D:12)
  A dryad (Forest:2)
  A hydra zombie (Swamp:3)
  A yaktaur skeleton (Vaults:1)
  A tengu conjurer (D:9)
  2 polar bears
  8 trolls
  A queen bee (D:10)
  12 tyrant leeches
  A tyrant leech (shapeshifter) (D:12)
  A tengu simulacrum (Depths:3)
  54 hornets
  A hippogriff (shapeshifter) (Depths:2)
  4 harpy skeletons
  3 bog bodies
  3 dream sheep
  19 blink frogs
  94 slime creatures
  A human simulacrum (Vaults:1)
  10 hippogriffs
  A frost giant simulacrum (Vaults:2)
  A fire dragon skeleton (Depths:1)
  5 water elementals
  3 ynoxinuls
  26 tarantellas
  A wyvern (Lair:4)
  29 yaks
  A tarantella (shapeshifter) (Depths:4)
  5 wraiths
  A shadow (D:7)
  A wyvern (shapeshifter) (D:12)
  A basilisk (shapeshifter) (D:12)
  A hungry ghost (D:7)
  2 steam dragons
  4 basilisks
  3 golden eyes
  49 redbacks
  5 fire elementals
  17 vampire mosquitoes
  A swamp worm (shapeshifter) (Depths:4)
  5 wargs
  10 swamp worms
  2 acid dragons
  11 crocodiles
  6 porcupines
  11 water moccasins
  10 swamp drakes
  A floating eye (Slime:5)
  3 hell hounds (Spider:2)
  2 soldier ants
  8 ice beasts
  A black bear (Lair:2)
  A hornet zombie (D:12)
  22 orc warriors
  A spriggan simulacrum (Depths:3)
  A swamp drake (shapeshifter) (Depths:2)
  A sky beast (D:11)
  12 boggarts
  9 ogres
  7 phantoms
  A wolf (D:8)
  25 bullfrogs
  A glowing shapeshifter simulacrum (Vaults:1)
  6 centaurs
  3 scorpions
  A water moccasin skeleton (D:7)
  29 killer bees
  7 wights
  A howler monkey (D:5)
  6 electric eels
  13 orc priests
  5 crimson imps
  2 bullfrog zombies
  A quasit (D:5)
  3 bullfrog skeletons
  7 hounds
  15 jellies
  12 orc wizards
  5 iguanas
  9 worker ants
  A hound zombie (D:2)
  2 hound skeletons
  A howler monkey zombie (D:6)
  3 worker ant zombies
  Robin (D:1)
  A gnoll (D:3)
  10 adders
  3 shadow imps
  12 white imps (D:12)
  3 oozes
  3 adder skeletons
  3 adder zombies
  3 worms
  2 dart slugs (D:2)
  4 leopard geckos
  76 orcs
  8 bats
  A bat skeleton (D:2)
  5 giant cockroaches
  15 goblins
  14 hobgoblins
  4 jackals (D:8)
  14 kobolds
  4 quokkas
  2 ball pythons (D:3)
  6 frilled lizards
  7 rats
  45 blocks of ice
  14 fungi
  13 plants
2016 creatures vanquished.

Vanquished Creatures (collateral kills)
  A ghoul (Swamp:3)
  A hydra zombie (Swamp:3)
  An emperor scorpion (Spider:3)
  A very ugly thing (Depths:2)
  An entropy weaver (Spider:3)
  2 quicksilver dragon zombies (Swamp:3)
  A ghost crab (Swamp:3)
  3 spectral hydras (Swamp:3)
  A phantasmal warrior (Swamp:3)
  A spriggan druid (Swamp:1)
  4 swamp dragons (Swamp:3)
  A wolf spider (Spider:3)
  A cyclops (D:11)
  2 orc knights (Orc)
  5 oklob plants
  3 will-o'-wisps
  3 gargoyles
  A cane toad (Lair:6)
  A yaktaur (Vaults:1)
  3 jumping spiders (Spider:3)
  A demonic crawler (Spider:2)
  A freezing wraith (Swamp:3)
  3 tyrant leeches
  3 trolls
  2 blink frogs (Lair:6)
  2 bog bodies
  7 slime creatures
  5 tarantellas
  A vampire (D:12)
  5 vampire mosquitoes
  14 redbacks
  2 wargs (Orc)
  3 water moccasins
  4 soldier ants (D:7)
  2 orc warriors
  A sky beast (D:8)
  An ogre (Orc)
  A wolf (D:8)
  2 bullfrogs (Lair:6)
  A kobold brigand (D:9)
  A crimson imp (D:9)
  3 orc wizards
  3 worker ants (D:7)
  A hound skeleton (D:9)
  An adder (D:7)
  6 orcs
113 creatures vanquished.

Vanquished Creatures (others)
  A caustic shrike zombie (Depths:3)
  A stone giant (Depths:2)
  A yaktaur captain (Depths:2)
  An oklob plant (Lair:6)
  3 moths of wrath (Zot:5)
  2 yaktaurs
  A slime creature (Vaults:2)
  An orc (Orc)
  224 blocks of ice
  A briar patch (Swamp:2)
  32 fungi
  207 plants
475 creatures vanquished.

Grand Total: 2604 creatures vanquished

Notes
Turn   | Place    | Note
-------+----------+-------------------------------------------
     0 | D:1      | Artagas the Avariel Air Elementalist began the quest for
                  | the Orb.
     0 | D:1      | Reached XP level 1. HP: 10/10 MP: 6/6
    99 | D:1      | Reached skill level 3 in Spellcasting
   204 | D:1      | Reached skill level 1 in Fighting
   204 | D:1      | Reached XP level 2. HP: 14/16 MP: 6/8
   276 | D:1      | Learned a level 2 spell: Shock
   279 | D:1      | Learned a level 2 spell: Swiftness
   909 | D:2      | Reached XP level 3. HP: 20/21 MP: 7/9
   987 | D:2      | Reached skill level 2 in Fighting
   991 | D:2      | Learned a level 3 spell: Mephitic Cloud
  1015 | D:2      | Reached skill level 2 in Conjurations
  1130 | D:2      | Noticed Robin
  1219 | D:1      | Killed Robin
  1220 | D:1      | Reached skill level 3 in Conjurations
  1310 | D:2      | Reached XP level 4. HP: 26/26 MP: 7/10
  1427 | D:2      | Reached skill level 1 in Poison Magic
  1899 | D:2      | Reached skill level 4 in Spellcasting
  2644 | D:3      | Reached XP level 5. HP: 24/31 MP: 4/13
  2790 | D:3      | Reached skill level 3 in Fighting
  2904 | D:3      | Found a stormy altar of Qazlal.
  3332 | D:3      | Learned a level 4 spell: Lightning Bolt
  3562 | D:3      | Found a basalt altar of Yredelemnul.
  3750 | D:3      | Found a white marble altar of Elyvilon.
  3882 | D:3      | Found an iron altar of Okawaru.
  3931 | D:3      | Reached skill level 5 in Spellcasting
  3931 | D:3      | Reached XP level 6. HP: 24/37 MP: 8/15
  4481 | D:4      | Reached skill level 4 in Conjurations
  4481 | D:4      | Reached skill level 5 in Air Magic
  4819 | D:4      | Reached skill level 5 in Conjurations
  5116 | D:5      | Entered Level 5 of the Dungeon
  5123 | D:5      | Found Nenioc's Gadget Shop.
  5126 | D:5      | Bought a wand of iceblast (9) for 210 gold pieces
  5127 | D:5      | Noticed a phantom
  5143 | D:5      | Killed a phantom
  5144 | D:5      | Reached skill level 2 in Evocations
  5144 | D:5      | Reached XP level 7. HP: 41/41 MP: 7/16
  5263 | D:5      | Reached skill level 3 in Evocations
  5269 | D:5      | Reached skill level 3 in Dodging
  5498 | D:5      | Reached skill level 4 in Fighting
  5830 | D:5      | Reached skill level 6 in Spellcasting
  5830 | D:5      | Reached XP level 8. HP: 47/48 MP: 9/19
  5946 | D:5      | Found a staircase to the Ecumenical Temple.
  5987 | Temple   | Entered the Ecumenical Temple
  6046 | Temple   | Became a worshipper of Sif Muna the Loreminder
  6554 | D:5      | Reached skill level 6 in Conjurations
  6554 | D:5      | Reached skill level 6 in Air Magic
  6705 | D:6      | Reached skill level 7 in Spellcasting
  6771 | D:6      | Reached * piety under Sif Muna
  6885 | D:6      | Identified Sif Muna's Volume of Confrontation and the
                  | Escort (Sif Muna gifted it to you on level 6 of the
                  | Dungeon)
  6885 | D:6      | Received a gift from Sif Muna
  6907 | D:6      | Found a corrupted altar of Lugonu.
  6909 | D:7      | Found a runed gate.
  6939 | D:7      | Found a runed gate.
  6939 | D:7      | Found a runed gate.
  7017 | D:7      | Reached skill level 7 in Conjurations
  7017 | D:7      | Reached skill level 7 in Air Magic
  7017 | D:7      | Reached skill level 1 in Armour
  7169 | D:7      | Reached skill level 2 in Armour
  7169 | D:7      | Reached skill level 4 in Dodging
  7169 | D:7      | Gained mutation: You can fly continuously. [Avariel growth]
  7169 | D:7      | Reached XP level 9. HP: 47/52 MP: 14/21
  7251 | D:7      | Reached skill level 5 in Fighting
  7306 | D:7      | Reached skill level 1 in Invocations
  7444 | D:7      | Reached skill level 2 in Invocations
  7444 | D:7      | Reached skill level 4 in Evocations
  7495 | D:7      | Reached skill level 3 in Invocations
  7558 | D:7      | Reached skill level 8 in Spellcasting
  7558 | D:7      | Reached skill level 4 in Invocations
  7653 | D:7      | Found a runed door.
  7662 | D:7      | Found the +9 staff of Olgreb {+Poison rPois}
  7665 | D:7      | Found a runed door.
  7692 | D:6      | Found a hazy altar of Hepliaklqana.
  7752 | D:6      | Reached ** piety under Sif Muna
  8025 | D:6      | Reached skill level 9 in Spellcasting
  8029 | D:6      | Learned a level 3 spell: Call Canine Familiar
  8556 | D:6      | Reached skill level 1 in Summonings
  8677 | D:7      | Reached skill level 2 in Summonings
  8798 | D:7      | Reached XP level 10. HP: 53/59 MP: 8/25
  8829 | D:7      | Reached skill level 3 in Summonings
  8938 | D:7      | Reached skill level 6 in Fighting
  8938 | D:7      | Reached skill level 4 in Summonings
  9000 | D:7      | Found a shadowy altar of Dithmenos.
  9083 | D:7      | Reached *** piety under Sif Muna
  9740 | D:7      | Found a blossoming altar of Fedhas.
  9753 | D:7      | Found a glowing silver altar of Zin.
 10188 | D:8      | Reached skill level 10 in Spellcasting
 10379 | D:8      | Reached skill level 5 in Dodging
 10385 | D:8      | Learned a level 5 spell: Irradiate
 10401 | D:8      | Noticed a two-headed ogre
 10407 | D:8      | Killed a two-headed ogre
 10408 | D:8      | Reached skill level 2 in Transmutations
 10486 | D:8      | Reached skill level 8 in Conjurations
 10569 | D:8      | Reached skill level 3 in Transmutations
 10878 | D:8      | Reached **** piety under Sif Muna
 11273 | D:8      | Reached skill level 7 in Fighting
 11489 | D:8      | Found a staircase to the Lair.
 11560 | D:8      | Reached skill level 9 in Conjurations
 11560 | D:8      | Reached XP level 11. HP: 67/67 MP: 11/27
 11798 | Lair:1   | Entered Level 1 of the Lair of Beasts
 11823 | Lair:1   | Reached skill level 10 in Conjurations
 11938 | D:8      | Reached skill level 5 in Invocations
 12189 | Lair:1   | Reached skill level 6 in Invocations
 12595 | Lair:1   | Reached skill level 7 in Invocations
 13195 | Lair:2   | Identified Sif Muna's Tome of Harmful Contamination (Sif
                  | Muna gifted it to you on level 2 of the Lair of Beasts)
 13195 | Lair:2   | Received a gift from Sif Muna
 13196 | Lair:2   | Reached skill level 8 in Invocations
 13232 | Lair:2   | Got a glimmering scale mail
 13249 | Lair:2   | Learned a level 5 spell: Bolt of Draining
 13324 | Lair:2   | Reached skill level 1 in Necromancy
 13326 | Lair:2   | Reached skill level 2 in Necromancy
 13505 | Lair:2   | Noticed a six-headed hydra
 13518 | Lair:2   | Killed a six-headed hydra
 13519 | Lair:2   | Reached ***** piety under Sif Muna
 13519 | Lair:2   | Reached skill level 6 in Dodging
 13519 | Lair:2   | Reached skill level 3 in Necromancy
 13624 | Lair:2   | Found a staircase to the Swamp.
 13790 | Lair:2   | Reached skill level 4 in Necromancy
 13791 | Lair:2   | Noticed Sonja
 13801 | Lair:2   | Killed Sonja
 13802 | Lair:2   | Reached skill level 5 in Necromancy
 14530 | Lair:3   | Reached XP level 12. HP: 69/72 MP: 3/28
 14625 | Lair:3   | Reached skill level 11 in Conjurations
 15107 | Lair:3   | Reached skill level 6 in Necromancy
 15373 | Lair:3   | Noticed an eight-headed hydra
 15390 | Lair:3   | Killed an eight-headed hydra
 15482 | Lair:3   | Noticed a five-headed hydra
 15482 | Lair:3   | Noticed a seven-headed hydra
 15482 | Lair:3   | Noticed a seven-headed hydra
 15500 | Lair:3   | Killed a five-headed hydra
 15501 | Lair:3   | Reached skill level 11 in Spellcasting
 15573 | Lair:3   | Killed a seven-headed hydra
 15574 | Lair:3   | Reached skill level 7 in Dodging
 15622 | Lair:3   | Killed a seven-headed hydra
 16045 | Lair:4   | Reached skill level 8 in Fighting
 16450 | Lair:4   | Reached skill level 12 in Spellcasting
 16549 | Lair:4   | Reached skill level 9 in Invocations
 16851 | Lair:4   | Noticed an anaconda
 16855 | Lair:4   | Killed an anaconda
 16890 | Lair:3   | Reached skill level 10 in Invocations
 16920 | Lair:4   | Reached XP level 13. HP: 78/78 MP: 25/31
 16943 | Lair:4   | Identified Sif Muna's Reference Book on Orientation and
                  | Battle Magic (Sif Muna gifted it to you on level 4 of the
                  | Lair of Beasts)
 16943 | Lair:4   | Received a gift from Sif Muna
 16944 | Lair:4   | Reached skill level 3 in Armour
 17098 | Lair:4   | Reached skill level 8 in Dodging
 17100 | Lair:4   | Reached ****** piety under Sif Muna
 17510 | Lair:4   | Found a hole to the Spider Nest.
 17741 | Lair:5   | Noticed Josephine
 17744 | Lair:5   | Killed Josephine
 17745 | Lair:5   | Reached skill level 12 in Conjurations
 17901 | Lair:5   | Reached skill level 9 in Dodging
 18334 | Lair:5   | Reached skill level 5 in Evocations
 18761 | Lair:6   | Entered Level 6 of the Lair of Beasts
 19147 | Lair:6   | Reached skill level 13 in Spellcasting
 19665 | Lair:6   | Reached skill level 14 in Spellcasting
 19810 | Lair:6   | Reached skill level 2 in Poison Magic
 19989 | Lair:6   | Identified Sif Muna's Reference Book on Attacks (Sif Muna
                  | gifted it to you on level 6 of the Lair of Beasts)
 19989 | Lair:6   | Received a gift from Sif Muna
 19998 | Lair:6   | Learned a level 7 spell: Spellforged Servitor
 20055 | Lair:6   | Reached XP level 14. HP: 84/84 MP: 13/34
 20070 | Lair:6   | Reached skill level 5 in Summonings
 20219 | Lair:6   | Reached skill level 6 in Summonings
 20372 | Lair:6   | Reached skill level 7 in Summonings
 20582 | Lair:6   | Reached skill level 8 in Summonings
 20747 | Lair:6   | Got a glimmering trident
 20847 | Lair:6   | Found a staircase to the Spriggan Forest.
 21314 | Lair:6   | Got a brightly glowing halberd
 22256 | D:9      | Reached skill level 9 in Summonings
 22471 | D:9      | Found a runed translucent gate.
 22471 | D:9      | Found a runed translucent gate.
 22473 | D:9      | Found a runed translucent gate.
 22474 | D:9      | Found the +1 pair of gauntlets of War {Slay+6}
 22474 | D:9      | Noticed Cris's ghost (novice GnNe)
 22475 | D:9      | Noticed a fire giant
 22703 | D:9      | Found a hide-covered altar of Uskayaw.
 22706 | D:9      | Found a sparkling altar of Nemelex Xobeh.
 22808 | D:9      | Found a shimmering altar of Xom.
 22810 | D:9      | Found a burning altar of Makhleb.
 22924 | D:9      | Found a radiant altar of Vehumet.
 23592 | D:10     | Entered Level 10 of the Dungeon
 23829 | D:10     | Reached skill level 10 in Summonings
 24020 | D:10     | Received a gift from Sif Muna
 24125 | D:10     | Found Cugy's Book Shop.
 24493 | D:10     | Learned a level 6 spell: Poison Arrow
 24533 | D:10     | Found a staircase to the Orcish Mines.
 24658 | D:10     | Reached skill level 13 in Conjurations
 24658 | D:10     | Reached skill level 3 in Poison Magic
 24788 | D:10     | Reached skill level 4 in Poison Magic
 25124 | D:11     | Noticed Erica
 25131 | D:11     | Killed Erica
 25229 | D:11     | Reached skill level 5 in Poison Magic
 25295 | D:11     | Found a gate to the Vaults.
 25431 | D:11     | Reached skill level 6 in Poison Magic
 26279 | D:11     | Reached skill level 7 in Poison Magic
 26488 | D:12     | Entered Level 12 of the Dungeon
 26543 | D:12     | Found a frozen archway.
 26643 | IceCv    | Entered an ice cave
 26649 | IceCv    | Reached skill level 8 in Poison Magic
 26651 | IceCv    | Found a transporter.
 26755 | D:12     | Reached XP level 15. HP: 88/88 MP: 19/35
 26862 | D:12     | Reached skill level 9 in Poison Magic
 26981 | D:12     | Identified Sif Muna's Grimoire of the Doomed Entourage (Sif
                  | Muna gifted it to you on level 12 of the Dungeon)
 26981 | D:12     | Received a gift from Sif Muna
 27286 | D:12     | Reached skill level 10 in Poison Magic
 27296 | D:12     | Learned a level 7 spell: Scorpion Form
 27518 | D:12     | Reached skill level 4 in Transmutations
 27610 | D:12     | Noticed Frances
 27616 | D:12     | Killed Frances
 27617 | D:12     | Reached skill level 5 in Transmutations
 28244 | D:12     | Found a staircase to the Depths.
 28325 | Orc      | Entered the Orcish Mines
 28330 | Orc      | Reached skill level 6 in Transmutations
 28347 | Orc      | Noticed an orc warlord
 28402 | D:10     | Killed an orc warlord
 28507 | Orc      | Reached skill level 7 in Transmutations
 29111 | Orc      | Found Duptexemp's Antique Armour Emporium.
 29293 | Orc      | Found Kaudaro's Antique Armour Shoppe.
 29400 | Orc      | Found Seduphy's General Store.
 29422 | Orc      | Bought a scroll of blinking for 112 gold pieces
 29422 | Orc      | Bought a scroll of identify for 30 gold pieces
 29422 | Orc      | Identified the +1 scale mail of Ifacked {MR++} (You found
                  | it on level 2 of the Lair of Beasts)
 29481 | Orc      | Found Gag Cat's Jewellery Shop.
 29545 | Orc      | Found Xukomn's Antique Weapon Boutique.
 29568 | Orc      | Found Susmohih's General Store.
 29571 | Orc      | Reached skill level 11 in Poison Magic
 29587 | Orc      | Bought a scroll of fog for 28 gold pieces
 29587 | Orc      | Bought a scroll of fear for 70 gold pieces
 29604 | Orc      | Identified Sif Muna's Volume of Sinister Magic (Sif Muna
                  | gifted it to you in the Orcish Mines)
 29604 | Orc      | Received a gift from Sif Muna
 29626 | Orc      | Found a staircase to the Slime Pits.
 29640 | Orc      | Found a viscous altar of Jiyva.
 30021 | Orc      | Found Waeshral's General Store.
 30246 | Orc      | Found Gonguem's Antique Armour Boutique.
 30250 | Orc      | Bought a scroll of teleportation for 48 gold pieces
 30250 | Orc      | Bought a potion of magic for 80 gold pieces
 30256 | Orc      | Found Tomid's Antique Armour Emporium.
 30329 | Orc      | Found a roughly hewn altar of Beogh.
 30510 | Orc      | Bought a pair of jewelled gloves for 218 gold pieces
 30521 | Orc      | Identified the +2 pair of gloves "Cickiut" {Int+4} (You
                  | bought it in a shop in the Orcish Mines)
 30724 | Spider:1 | Entered Level 1 of the Spider Nest
 30960 | Spider:1 | Reached skill level 12 in Poison Magic
 31335 | Spider:1 | Reached skill level 9 in Fighting
 31391 | Spider:1 | Reached XP level 16. HP: 96/96 MP: 29/36
 31967 | Spider:2 | Reached skill level 11 in Invocations
 32139 | Spider:2 | Noticed Azrael
 32142 | Spider:2 | Killed Azrael
 32260 | Spider:2 | Noticed Jorgrun
 32283 | Spider:2 | Killed Jorgrun
 32284 | Spider:2 | Reached skill level 12 in Invocations
 32284 | Spider:2 | Noticed Arachne
 32291 | Spider:2 | Killed Arachne
 32660 | Spider:2 | Identified Soex Voel's Collected Works on Flames and
                  | Weightlessness (Sif Muna gifted it to you on level 2 of the
                  | Spider Nest)
 32660 | Spider:2 | Received a gift from Sif Muna
 32674 | Spider:2 | Reached skill level 15 in Spellcasting
 33965 | Spider:3 | Entered Level 3 of the Spider Nest
 33972 | Spider:3 | Reached skill level 16 in Spellcasting
 33997 | Spider:3 | Reached skill level 14 in Conjurations
 34218 | Spider:2 | Reached skill level 8 in Air Magic
 34436 | Spider:3 | Identified Sif Muna's Guide on Ice (Sif Muna gifted it to
                  | you on level 3 of the Spider Nest)
 34436 | Spider:3 | Received a gift from Sif Muna
 34451 | Spider:3 | Reached skill level 9 in Air Magic
 34452 | Spider:3 | Reached XP level 17. HP: 100/100 MP: 13/39
 34582 | Spider:3 | Reached skill level 10 in Air Magic
 34976 | Spider:3 | Reached skill level 11 in Air Magic
 35235 | Orc      | Bought a scroll of identify for 32 gold pieces
 35461 | Lair:6   | Got a warped brass amulet
 35462 | Lair:6   | Identified the amulet "Xeaniyh" {RegenMP rC- rN+++ Int-5
                  | Dex+7} (You found it on level 6 of the Lair of Beasts)
 35579 | Swamp:1  | Entered Level 1 of the Swamp
 35918 | Swamp:1  | Reached skill level 12 in Air Magic
 36252 | Swamp:1  | Noticed Aizul
 36275 | Swamp:1  | Killed Aizul
 36276 | Swamp:1  | Reached skill level 13 in Air Magic
 36367 | Swamp:1  | Received a gift from Sif Muna
 36920 | Swamp:2  | Noticed Nikola
 36930 | Swamp:2  | Killed Nikola
 36931 | Swamp:2  | Reached skill level 14 in Air Magic
 37297 | Swamp:2  | Reached skill level 15 in Conjurations
 37709 | Swamp:2  | Noticed Bai Suzhen
 37720 | Swamp:2  | Killed Bai Suzhen
 37721 | Swamp:2  | Reached skill level 10 in Fighting
 38170 | Swamp:2  | Learned a level 8 spell: Chain Lightning
 38646 | Orc      | Bought the +2 robe of the Learner {rF++ Dex+4 SInv} for 764
                  | gold pieces
 38646 | Orc      | Bought a scroll of enchant armour for 120 gold pieces
 39078 | Spider:3 | Reached XP level 18. HP: 107/107 MP: 0/40
 39218 | Spider:3 | Reached skill level 15 in Air Magic
 39568 | Spider:3 | Identified a lightning rod (4/4) (You found it on level 5
                  | of the Lair of Beasts)
 39568 | Spider:3 | Identified the +1 trident of Tinolem {pierce, *Corrode MR+
                  | Str+3} (You found it on level 6 of the Lair of Beasts)
 39568 | Spider:3 | Identified the cursed +3 halberd of Bloody Death {pain,
                  | Str+5} (You found it on level 6 of the Lair of Beasts)
 39568 | Spider:3 | Got a gossamer rune of Zot
 39761 | Spider:3 | Identified Sif Muna's Incunabulum of Icy Conjuration (Sif
                  | Muna gifted it to you on level 3 of the Spider Nest)
 39761 | Spider:3 | Received a gift from Sif Muna
 40311 | Swamp:3  | Entered Level 3 of the Swamp
 40732 | Swamp:3  | Reached skill level 16 in Conjurations
 40732 | Swamp:3  | Reached skill level 16 in Air Magic
 41504 | Swamp:3  | Reached skill level 17 in Spellcasting
 41628 | Swamp:3  | Reached skill level 4 in Armour
 41851 | Swamp:3  | Reached skill level 5 in Armour
 42083 | Swamp:3  | Reached skill level 6 in Armour
 42227 | Swamp:3  | Identified Sif Muna's Collected Works on Poisoning (Sif
                  | Muna gifted it to you on level 3 of the Swamp)
 42227 | Swamp:3  | Received a gift from Sif Muna
 42363 | Swamp:3  | Found a blossoming altar of Fedhas.
 42511 | Swamp:3  | Found a basalt altar of Yredelemnul.
 42523 | Swamp:3  | Got a decaying rune of Zot
 42642 | Swamp:3  | Reached skill level 10 in Dodging
 43069 | Vaults:1 | Entered Level 1 of the Vaults
 43073 | Vaults:1 | Reached skill level 1 in Shields
 43349 | Vaults:1 | Reached XP level 19. HP: 103/112 MP: 22/42
 43547 | Vaults:1 | Reached skill level 2 in Shields
 43893 | Vaults:1 | Reached skill level 3 in Shields
 44202 | Vaults:1 | Found Soqioj's Antique Weapon Shop.
 44531 | Vaults:1 | Reached skill level 4 in Shields
 44656 | Vaults:1 | Reached skill level 11 in Fighting
 44916 | Vaults:1 | Reached skill level 5 in Shields
 45121 | Vaults:1 | Reached skill level 6 in Shields
 45393 | Vaults:1 | Reached skill level 7 in Shields
 45853 | Vaults:2 | Noticed Saint Roka
 45863 | Vaults:2 | Killed Saint Roka
 45864 | Vaults:2 | Reached skill level 8 in Shields
 46285 | Vaults:2 | Found Pumich's Assorted Antiques.
 46798 | Vaults:2 | Identified Sif Muna's Handbook of Parts Unknown (Sif Muna
                  | gifted it to you on level 2 of the Vaults)
 46798 | Vaults:2 | Received a gift from Sif Muna
 47013 | Vaults:2 | Found a staircase to the Crypt.
 47817 | Vaults:2 | Learned a level 7 spell: Orb of Destruction
 48142 | Forest:1 | Entered Level 1 of the Spriggan Forest
 48191 | Forest:1 | Reached skill level 17 in Conjurations
 48191 | Forest:1 | Reached skill level 17 in Air Magic
 48193 | Forest:1 | Reached XP level 20. HP: 120/120 MP: 7/43
 48301 | Forest:1 | Found a hazy altar of Hepliaklqana.
 50406 | Forest:2 | Identified Sif Muna's Catalogue of Companions (Sif Muna
                  | gifted it to you on level 2 of the Spriggan Forest)
 50406 | Forest:2 | Received a gift from Sif Muna
 50817 | Forest:2 | Reached skill level 18 in Air Magic
 51206 | Forest:2 | Reached skill level 18 in Conjurations
 51255 | Forest:2 | Reached skill level 18 in Spellcasting
 52105 | Forest:2 | Learned a level 8 spell: Glaciate
 52162 | Forest:3 | Entered Level 3 of the Spriggan Forest
 52177 | Forest:3 | Reached skill level 1 in Ice Magic
 52382 | Forest:3 | Reached skill level 2 in Ice Magic
 52539 | Forest:3 | Identified the cursed +0 falchion "Impslayer" {chaos, +Fly
                  | rN+}
 52556 | Forest:3 | Reached skill level 3 in Ice Magic
 52725 | Forest:3 | Reached skill level 4 in Ice Magic
 52853 | Forest:3 | Identified Sif Muna's Guide on the Ensnaring Escort (Sif
                  | Muna gifted it to you on level 3 of the Spriggan Forest)
 52853 | Forest:3 | Received a gift from Sif Muna
 52916 | Forest:3 | Reached skill level 5 in Ice Magic
 52916 | Forest:3 | Reached XP level 21. HP: 50/124 MP: 6/45
 53181 | Forest:3 | Reached skill level 19 in Spellcasting
 53401 | Forest:3 | Reached skill level 6 in Ice Magic
 54210 | Forest:3 | Reached skill level 7 in Ice Magic
 54296 | Forest:3 | Identified the +6 faerie dragon scales {+Blink rC+ rCorr
                  | Str-4}
 54296 | Forest:3 | Noticed the Enchantress
 54301 | Forest:3 | Killed the Enchantress
 54302 | Forest:3 | Reached skill level 8 in Ice Magic
 54360 | Forest:3 | Found a shimmering altar of Xom.
 54475 | Forest:3 | Identified the +10 halberd "Inozac" {drain, *Corrode rElec
                  | rF+++ Stlth+}
 54487 | Forest:3 | Identified the +2 pair of gloves of the Stars {MR+}
 55479 | Slime:1  | Entered Level 1 of the Pits of Slime
 55621 | Slime:1  | Reached skill level 9 in Ice Magic
 56024 | Slime:2  | Reached skill level 10 in Ice Magic
 56028 | Slime:2  | Identified Sif Muna's Handbook of Lucky Lightness (Sif Muna
                  | gifted it to you on level 2 of the Pits of Slime)
 56028 | Slime:2  | Received a gift from Sif Muna
 56307 | Slime:2  | Reached skill level 11 in Ice Magic
 56890 | Slime:4  | Reached skill level 12 in Ice Magic
 57328 | Slime:5  | Entered Level 5 of the Pits of Slime
 57622 | Slime:5  | Reached skill level 13 in Ice Magic
 57622 | Slime:5  | Reached XP level 22. HP: 103/130 MP: 23/47
 57962 | Slime:5  | Identified Sif Muna's Guide on Confrontation (Sif Muna
                  | gifted it to you on level 5 of the Pits of Slime)
 57962 | Slime:5  | Received a gift from Sif Muna
 58232 | Slime:5  | Found a viscous altar of Jiyva.
 58256 | Slime:5  | Learned a level 6 spell: Aura of Abjuration
 58262 | Slime:5  | Reached skill level 14 in Ice Magic
 58288 | Slime:5  | Noticed the Royal Jelly
 58294 | Slime:5  | Killed the Royal Jelly
 58531 | Slime:5  | Got a slimy rune of Zot
 58532 | Slime:5  | Identified the ring of Lady Luck {rF+++ rC+ Int-3 Dex+8
                  | Slay-5}
 58540 | Slime:5  | Identified the +6 demon whip of Elinang {drain, Dex+2}
 58620 | Slime:5  | Identified the cursed +0 plate armour "Byrph" {rF+ rN+}
 58817 | Slime:5  | Identified the cursed +0 leather armour of the Lair of
                  | Beasts {rF+}
 58819 | Slime:5  | Identified the cursed +3 whip "Zotoxtuy" {drain, rN+ Str+4}
 58880 | Slime:5  | Identified the cursed +1 ring mail of Vehumet's Generosity
                  | {rCorr Str+4 Int+3}
 58893 | Slime:5  | Identified the +8 hunting sling "Lemomuakh" {flame, Str+2}
 59435 | Depths:1 | Entered Level 1 of the Depths
 59447 | Depths:1 | Noticed Zenata
 59452 | Depths:1 | Killed Zenata
 59453 | Depths:1 | Reached skill level 20 in Spellcasting
 59707 | Depths:1 | Noticed Asterion
 59713 | Depths:1 | Killed Asterion
 59858 | Depths:1 | Reached skill level 12 in Fighting
 60324 | Depths:1 | Found a gateway to Hell.
 60797 | Depths:1 | Found Vutugoc's Armour Shoppe.
 61042 | Depths:2 | Reached skill level 13 in Fighting
 61049 | Depths:2 | Reached XP level 23. HP: 132/138 MP: 4/49
 61054 | Depths:2 | Reached skill level 13 in Invocations
 61261 | Depths:2 | Found a one-way gate to the infinite horrors of the Abyss.
 61342 | Depths:2 | Learned a level 6 spell: Deflect Missiles
 61524 | Depths:2 | Reached skill level 14 in Invocations
 61588 | Depths:2 | Received a gift from Sif Muna
 61694 | Depths:2 | Reached skill level 15 in Invocations
 62062 | Depths:2 | Found Jyun Qapp's Magic Scroll Shop.
 62065 | Depths:2 | Bought a scroll of fog for 40 gold pieces
 62065 | Depths:2 | Bought a scroll of blinking for 150 gold pieces
 62065 | Depths:2 | Bought a scroll of blinking for 150 gold pieces
 62189 | Depths:2 | Found a gateway to a ziggurat.
 62259 | Depths:2 | Noticed a juggernaut
 62261 | Depths:2 | Identified the amulet of Ezedaano {Acrobat rElec rPois MR-}
 62262 | Depths:2 | Noticed Artagas's ghost (veteran HuNe)
 62269 | Depths:2 | Found a transporter.
 62271 | Depths:2 | Found a bloodstained altar of Trog.
 62273 | Depths:2 | Identified the +7 quick blade of Nunex {antimagic, Str+5
                  | Stlth+}
 62275 | Depths:2 | Identified the +4 rapier of Epaxkogu {antimagic, rC+ Str+5}
 62275 | Depths:2 | Identified the cursed +1 quick blade of Lakh {pierce, *Slow
                  | rC+ rN+}
 62278 | Depths:2 | Found a transporter.
 62286 | Depths:2 | Identified the +9 morningstar "Wawisiah" {venom, rN+}
 62383 | Depths:3 | Reached skill level 7 in Armour
 62823 | Depths:4 | Reached skill level 11 in Dodging
 62823 | Depths:4 | Reached skill level 9 in Shields
 62833 | Depths:3 | Reached skill level 8 in Armour
 62957 | Depths:4 | Noticed a golden dragon
 62965 | Depths:4 | Killed a golden dragon
 63051 | Depths:4 | Reached XP level 24. HP: 127/145 MP: 6/49
 63087 | Depths:4 | Reached skill level 12 in Dodging
 63087 | Depths:4 | Reached skill level 10 in Shields
 63302 | Depths:4 | Identified the +8 longbow "Tyakuops" {venom, MR+ Str+3
                  | Int+2}
 63347 | Depths:4 | Noticed Boris
 63352 | Depths:4 | Killed Boris
 63701 | Depths:4 | Reached skill level 9 in Armour
 63816 | Depths:4 | Reached skill level 13 in Dodging
 64030 | Depths:5 | Entered Level 5 of the Depths
 64214 | Depths:3 | Reached skill level 14 in Fighting
 64453 | Depths:3 | Noticed Jory
 64607 | Depths:3 | Killed Jory
 64856 | Depths:3 | Found a runed translucent gate.
 64856 | Depths:3 | Found a runed translucent gate.
 64856 | Depths:3 | Found a runed translucent gate.
 64858 | Depths:3 | Noticed Caat Rau's ghost (adept DgCj)
 64863 | Depths:3 | Identified the amulet "Cuiredgh" {Faith *Slow Dex+6 Stlth+}
 64867 | Depths:3 | Identified Sif Muna's Compendium of Igneous Attacks (Sif
                  | Muna gifted it to you on level 3 of the Depths)
 64867 | Depths:3 | Received a gift from Sif Muna
 64967 | Depths:2 | Bought a scroll of amnesia for 70 gold pieces
 64975 | Depths:2 | Learned a level 6 spell: Invisibility
 65054 | Depths:3 | Reached skill level 1 in Hexes
 65059 | Depths:3 | Reached skill level 2 in Hexes
 65116 | Depths:3 | Found Ebleric's Antique Armour Shop.
 65124 | Depths:3 | Bought a pair of glimmering boots for 294 gold pieces
 65124 | Depths:3 | Identified the +1 pair of boots of Distant Worlds {Str+4
                  | Dex+2 Stlth-} (You bought it in a shop on level 3 of the
                  | Depths)
 65124 | Depths:3 | Bought a glowing helmet for 232 gold pieces
 66153 | Depths:3 | Found a one-way gate leading to the halls of Pandemonium.
 66155 | Depths:3 | Reached skill level 3 in Hexes
 66941 | Depths:5 | Noticed a caustic shrike
 66942 | Depths:5 | Noticed a caustic shrike
 66944 | Depths:5 | Killed a caustic shrike
 66944 | Depths:5 | Noticed a caustic shrike
 66945 | Depths:5 | Reached skill level 4 in Hexes
 66945 | Depths:5 | Killed a caustic shrike
 66946 | Depths:5 | Reached skill level 6 in Hexes
 66946 | Depths:5 | Noticed a caustic shrike
 66947 | Depths:5 | Killed a caustic shrike
 66948 | Depths:5 | Reached skill level 7 in Hexes
 66950 | Depths:5 | Killed a caustic shrike
 66951 | Depths:5 | Reached skill level 8 in Hexes
 67195 | Depths:5 | Reached skill level 9 in Hexes
 67316 | Depths:5 | Reached XP level 25. HP: 152/152 MP: 20/49
 67331 | Depths:5 | Reached skill level 10 in Hexes
 67584 | Depths:5 | Received a gift from Sif Muna
 67584 | Depths:5 | Reached skill level 11 in Hexes
 67634 | Depths:5 | Noticed Mennas
 67638 | Depths:5 | Killed Mennas
 68123 | Depths:5 | Reached skill level 12 in Hexes
 68345 | Depths:5 | Found a gate to the Realm of Zot.
 68562 | Depths:5 | Noticed Louise
 68564 | Depths:5 | Killed Louise
 68840 | Zot:1    | Entered Level 1 of the Realm of Zot
 69018 | Zot:1    | Noticed a golden dragon
 69024 | Zot:1    | Killed a golden dragon
 69025 | Zot:1    | Identified Tooxan's Catalogue of Lightness and the
                  | Entourage (Sif Muna gifted it to you on level 1 of the
                  | Realm of Zot)
 69025 | Zot:1    | Received a gift from Sif Muna
 69189 | Zot:1    | Reached skill level 19 in Conjurations
 69189 | Zot:1    | Reached skill level 13 in Hexes
 69189 | Zot:1    | Reached skill level 19 in Air Magic
 69625 | Zot:1    | Reached skill level 14 in Hexes
 70480 | Zot:2    | Noticed a golden dragon
 70485 | Zot:2    | Killed a golden dragon
 70728 | Zot:2    | Received a gift from Sif Muna
 71269 | Zot:2    | Reached XP level 26. HP: 147/158 MP: 6/49
 71992 | Zot:1    | Noticed a golden dragon
 72001 | Zot:1    | Killed a golden dragon
 72002 | Zot:1    | Reached skill level 15 in Ice Magic
 72030 | Zot:1    | Reached skill level 20 in Conjurations
 72030 | Zot:1    | Reached skill level 20 in Air Magic
 72103 | Zot:1    | Identified Ykeiptejup's Guide on Captivating Unholy Arts
                  | (Sif Muna gifted it to you on level 1 of the Realm of Zot)
 72103 | Zot:1    | Received a gift from Sif Muna
 72541 | Zot:1    | Identified a scroll of acquirement
 72542 | Zot:1    | Identified the +8 hunting sling "Gielyat" {venom, Str+4
                  | Dex+3} (You acquired it on level 1 of the Realm of Zot)
 72542 | Zot:1    | Identified the ring "Luufaw" {+Fly rN+ MR+} (You acquired
                  | it on level 1 of the Realm of Zot)
 72542 | Zot:1    | Identified The Arcane Secrets of Witchery (You acquired it
                  | on level 1 of the Realm of Zot)
 72863 | Zot:3    | Reached skill level 21 in Spellcasting
 72872 | Zot:2    | Reached skill level 6 in Evocations
 73020 | Zot:3    | Reached skill level 7 in Evocations
 73026 | Zot:3    | Reached skill level 8 in Evocations
 73163 | Zot:2    | Reached skill level 9 in Evocations
 73456 | Zot:3    | Noticed a golden dragon
 73534 | Zot:3    | Killed a golden dragon
 73535 | Zot:3    | Reached skill level 10 in Evocations
 73834 | Zot:3    | Noticed a golden dragon
 73840 | Zot:3    | Killed a golden dragon
 73962 | Zot:3    | Reached skill level 15 in Fighting
 74019 | Zot:3    | Identified the +7 hand axe of Terra Cotta {chop, +Blink
                  | rC+}
 74426 | Zot:3    | Noticed a golden dragon
 74433 | Zot:3    | Killed a golden dragon
 74470 | Zot:3    | Reached XP level 27. HP: 165/165 MP: 8/50
 74572 | Zot:3    | Reached skill level 10 in Armour
 74696 | Zot:3    | Noticed a golden dragon
 74701 | Zot:3    | Killed a golden dragon
 74806 | Zot:3    | Identified the ring of Veanitt {+Blink +Fly}
 75319 | Zot:4    | Reached skill level 14 in Dodging
 75339 | Zot:4    | Reached skill level 11 in Armour
 75464 | Zot:4    | Reached skill level 15 in Dodging
 75695 | Zot:4    | Identified the +7 battleaxe of Acaigohe {speed, *Contam
                  | rF++ Str+6}
 76150 | Zot:5    | Entered Level 5 of the Realm of Zot
 76270 | Zot:5    | Found a runed translucent gate.
 76270 | Zot:5    | Found a runed translucent gate.
 76271 | Zot:5    | Found a runed translucent gate.
 76322 | Zot:5    | Noticed Pongem's ghost (legendary MiAK)
 76419 | Zot:5    | Reached skill level 22 in Spellcasting
 76523 | Zot:5    | Identified Sif Muna's Almanac of Captivating Orientation
                  | (Sif Muna gifted it to you on level 5 of the Realm of Zot)
 76523 | Zot:5    | Received a gift from Sif Muna
 77300 | Zot:5    | Noticed an orb of fire
 77306 | Zot:5    | Killed an orb of fire
 77312 | Zot:5    | Noticed an ancient lich
 77322 | Zot:5    | Killed an ancient lich
 77510 | Zot:5    | Noticed a Killer Klown
 77513 | Zot:5    | Killed a Killer Klown
 77855 | Zot:5    | Noticed an orb of fire
 77859 | Zot:5    | Killed an orb of fire
 78080 | Zot:5    | Noticed an ancient lich
 78092 | Zot:5    | Noticed a Killer Klown
 78094 | Zot:5    | Killed a Killer Klown
 78187 | Zot:5    | Noticed an orb of fire
 78189 | Zot:5    | Gained mutation: Armour fits poorly on your strangely
                  | shaped body. [an orb of fire]
 78191 | Zot:5    | Killed an orb of fire
 78282 | Zot:5    | Killed an ancient lich
 78500 | Zot:5    | Noticed an orb of fire
 78575 | Zot:5    | Reached skill level 11 in Evocations
 78649 | Zot:5    | Noticed an ancient lich
 78653 | Zot:5    | Killed an ancient lich
 78660 | Zot:5    | Noticed an orb of fire
 78662 | Zot:5    | Gained mutation: Your magical capacity is low. (-10% MP)
                  | [an orb of fire]
 78664 | Zot:5    | Killed an orb of fire
 79053 | Zot:5    | Noticed a Killer Klown
 79056 | Zot:5    | Killed a Killer Klown
 79354 | Zot:5    | Noticed a Killer Klown
 79365 | Zot:5    | Identified Sif Muna's Papyrus of Doomed Malediction (Sif
                  | Muna gifted it to you on level 5 of the Realm of Zot)
 79365 | Zot:5    | Received a gift from Sif Muna
 79499 | Zot:5    | Killed a Killer Klown
 79546 | Zot:5    | Reached skill level 16 in Invocations
 79839 | Zot:5    | Reached skill level 21 in Air Magic
 79840 | Zot:5    | Reached skill level 21 in Conjurations
 79970 | Zot:5    | Reached skill level 12 in Evocations
 80108 | Zot:5    | Killed an orb of fire
 80216 | Zot:5    | Lost mutation: Armour fits poorly on your strangely shaped
                  | body. [potion of mutation]
 80216 | Zot:5    | Lost mutation: Your magical capacity is low. (-10% MP)
                  | [potion of mutation]
 80216 | Zot:5    | Gained mutation: You are clumsy. (Dex -2) [potion of
                  | mutation]
 80216 | Zot:5    | Gained mutation: You are partially covered in rugged brown
                  | scales. (AC +1, +3% HP) [potion of mutation]
 80217 | Zot:5    | Got the Orb of Zot
 80281 | Zot:5    | Noticed Hoeq the pandemonium lord
 80284 | Zot:5    | Killed Hoeq the pandemonium lord
 80493 | Depths:5 | Noticed Lyw Ylli the pandemonium lord
 80498 | Depths:5 | Killed Lyw Ylli the pandemonium lord
 80499 | Depths:5 | Reached skill level 16 in Fighting
 80717 | D:7      | Noticed Maavitoi the pandemonium lord
 80874 | D:$      | Escaped with the Orb!

Skill      XL: |  1  2  3  4  5  6  7  8  9 10 11 12 13 14 15 16 17 18 19 20 21 22 23 24 25 26 27 |
---------------+----------------------------------------------------------------------------------+-----
Spellcasting   | 3 4 5 6 7 9 10 12 14 16 17 18 19 20 21 22 | 22.9
Fighting       | 1 2 3 4 5 7 8 9 10 11 13 14 15 16 | 16.0
Conjurations   | 3 5 7 9 10 11 12 13 14 15 16 17 18 19 20 21 | 21.3
Poison Magic   | 1 2 8 12 | 12.0
Air Magic      | 5 7 9 14 16 17 18 19 20 21 | 21.3
Evocations     | 2 3 4 5 10 12 | 12.4
Dodging        | 3 4 5 6 7 9 10 11 13 15 | 15.0
Armour         | 2 3 6 8 9 11 | 11.0
Invocations    | 4 8 10 12 15 16 | 16.5
Summonings     | 2 4 10 | 10.0
Transmutations | 3 7 |  7.0
Necromancy     | 5 6 |  6.0
Shields        | 1 8 9 10 | 10.0
Ice Magic      | 5 13 14 15 | 15.0
Hexes          | 9 14 | 14.0
Stealth        | |  2.1
Charms         | |  1.2

Action                   |  1- 3 |  4- 6 |  7- 9 | 10-12 | 13-15 | 16-18 | 19-21 | 22-24 | 25-27 || total
-------------------------+-------+-------+-------+-------+-------+-------+-------+-------+-------++-------
Melee: Unarmed           |     1 |       |       |       |    46 |   115 |       |     1 |       ||   163
       Dagger            |       |     5 |       |       |       |       |       |       |       ||     5
       Falchion          |       |    11 |    11 |       |       |       |       |       |       ||    22
       Long sword        |       |       |    16 |    40 |       |       |       |       |       ||    56
       Tailslap          |       |       |       |       |    19 |    36 |       |       |       ||    55
       Staff             |       |       |       |       |       |     3 |    14 |     8 |     3 ||    28
 Fire: Blowgun           |       |     6 |     7 |       |       |       |       |       |       ||    13
       Hand crossbow     |       |       |       |    35 |   142 |       |     3 |       |       ||   180
Throw: Stone             |       |       |       |     9 |       |       |       |       |       ||     9
       Tomahawk          |       |       |       |    12 |       |       |     1 |       |       ||    13
 Cast: Static Discharge  |    34 |    35 |    19 |     6 |       |       |       |       |       ||    94
       Shock             |    21 |   127 |   158 |   173 |    68 |       |       |       |       ||   547
       Mephitic Cloud    |     1 |       |     1 |    23 |     3 |       |       |       |       ||    28
       Lightning Bolt    |       |     2 |    23 |    79 |    58 |       |       |       |       ||   162
       Call Canine Famil |       |       |     4 |    16 |     1 |     1 |       |       |       ||    22
       Irradiate         |       |       |       |    10 |    21 |    23 |    10 |     9 |    12 ||    85
       Bolt of Draining  |       |       |       |    31 |   244 |    18 |     6 |       |       ||   299
       Swiftness         |       |       |       |     2 |       |       |       |       |       ||     2
       Spellforged Servi |       |       |       |       |    27 |    33 |     6 |     2 |     3 ||    71
       Poison Arrow      |       |       |       |       |   133 |   431 |   428 |    77 |    15 ||  1084
       Scorpion Form     |       |       |       |       |     2 |     2 |       |     1 |       ||     5
       Chain Lightning   |       |       |       |       |       |     1 |    24 |    26 |     8 ||    59
       Glaciate          |       |       |       |       |       |       |    32 |   207 |   417 ||   656
       Orb of Destructio |       |       |       |       |       |       |     3 |    12 |    31 ||    46
       Deflect Missiles  |       |       |       |       |       |       |       |     1 |     1 ||     2
       Invisibility      |       |       |       |       |       |       |       |       |    18 ||    18
       Aura of Abjuratio |       |       |       |       |       |       |       |       |     1 ||     1
Invok: Divine Energy     |       |       |       |     4 |     6 |    17 |     2 |     2 |     5 ||    36
       Channel Magic     |       |       |       |     1 |     7 |    15 |    17 |    25 |    29 ||    94
       Moment of Magic   |       |       |       |       |       |       |       |       |     1 ||     1
 Abil: End Transformatio |       |       |       |       |     1 |     3 |       |     1 |       ||     5
       Stop Flying       |       |       |       |       |       |       |     1 |       |       ||     1
       Fly               |       |       |       |       |       |       |       |       |     1 ||     1
       Evoke Blink       |       |       |       |       |       |       |       |       |     1 ||     1
Evoke: Wand              |       |       |     7 |    15 |       |    10 |     4 |     1 |     5 ||    42
       Lightning rod     |       |       |       |       |       |     7 |     1 |       |       ||     8
       Staff of Olgreb   |       |       |       |       |       |     1 |       |       |       ||     1
       Lamp of fire      |       |       |       |       |       |       |       |       |     1 ||     1
       Fan of gales      |       |       |       |       |       |       |       |       |     1 ||     1
       Phial of floods   |       |       |       |       |       |       |       |       |     1 ||     1
  Use: Scroll            |     1 |     2 |     7 |    15 |    13 |     8 |     9 |     8 |     7 ||    70
       Potion            |       |       |       |       |       |     4 |     7 |     4 |     7 ||    22
 Stab: Distracted        |       |       |     1 |     1 |       |       |       |       |       ||     2
       Confused          |       |       |       |     2 |       |       |       |       |       ||     2
  Eat: Chunk             |     2 |    18 |    16 |    30 |    61 |    43 |    34 |    19 |     8 ||   231
       Ration            |       |       |     1 |     3 |    11 |    12 |    12 |     9 |    17 ||    65
Armor: Robe              |     4 |    16 |    27 |    22 |    59 |    50 |    40 |    12 |       ||   230
       Skin              |       |       |       |       |    36 |   298 |       |     2 |       ||   336
       Acid dragon scale |       |       |       |       |       |       |       |       |    44 ||    44
Dodge: Dodged            |    18 |    29 |    71 |   111 |   238 |   278 |    91 |    83 |   106 ||  1025
       Deflected         |       |       |       |       |       |       |       |    24 |    40 ||    64
Block: Other             |       |       |       |     3 |    26 |    48 |     4 |       |       ||    81
       Reflection        |       |       |       |       |     1 |       |    10 |    17 |     9 ||    37
       Buckler           |       |       |       |       |       |       |    26 |    29 |    50 ||   105

Levels and vault maps discovered:
D:1:      evilmike_arrival_crescent, layout_basic
D:2:      layout_loops_corners, serial_undead, serial_undead_a, serial_undead_f,
          serial_undead_b, serial_undead_f, minmay_split_cup_small, uniq_robin
D:3:      layout_loops_corners, kennysheep_ying_yang,
          nicolae_qazlal_general_emergency, okawaru_altar_gauntlet_db,
          saegor_snake_ambush
D:4:      layout_layer_cave, first_ration
D:5:      layout_loops_ring, minmay_temple_entry_mist, serial_shops,
          nicolae_shop_behind_doors, moated_statue
D:6:      wander_river, layout_basic, lemuel_crystal_altar,
          lemuel_crystal_altar, dreamdust_princess_bridge, centaur_isle
D:7:      cheibrodos_fzero, layout_basic, zin_academy, fedhas_altar_3,
          lemuel_coloured_pillars_altar, grunt_ogre_cave,
          minmay_guarded_unrand_staff_of_olgreb
D:8:      layout_cave_pools, erik_lair_island
D:9:      cheibrodos_statue_roulette, layout_small_grid,
          nicolae_vehumet_radiance, nicolae_overflow_hidden_temple,
          gammafunk_ghost_split, kennysheep_generic_room_14
D:10:     layout_roguey, david_orc_3, special_room [special_room_bee],
          serial_shops, shop
D:11:     layout_long_grid, erik_vaults_1, minmay_liquid_box, uniq_erica
D:12:     gammafunk_enter_depths_forms, layout_small_grid,
          chequers_serial_rivers_micro_c, portal_ice_cave_entry_imps,
          uniq_frances
Temple:   corrupted_temple
Lair:1:   layout_concentric_octagons, minivault_19
Lair:2:   layout_loops_ring, swamp_mist, uniq_sonja
Lair:3:   layout_hall_layers, minmay_shattered_shrine
Lair:4:   layout_regular_city, nicolae_spider_entry_orb_guardian,
          grunt_megastairs_2, infiniplex_staircase_pool_2
Lair:5:   layout_roguey, st_stairs_3, uniq_josephine
Lair:6:   minmay_lair_end_frog_pond, layout_cave_pods, dummy_forest_entry,
          minmay_lair_oklob_chamber
Swamp:1:  layout_basic_swamp, infiniplex_staircase_pool, uniq_aizul
Swamp:2:  layout_basic_swamp, evilmike_swamp_ruin_house_5, uniq_nikola,
          uniq_bai_suzhen
Swamp:3:  byrel_swamp_growth_death_and_undeath, layout_basic_swamp
Spider:1: layout_spider_delve, hangedman_spider_tarantella_strand
Spider:2: layout_spider_delve, spider_trap, uniq_jorgrun, uniq_azrael,
          uniq_arachne
Spider:3: grunt_spider_rune_circles
Slime:1:  layout_slime_grid
Slime:2:  layout_slime_grid
Slime:3:  layout_slime_grid
Slime:4:  layout_slime_grid
Slime:5:  slime_pit_nicolae_inversion
Orc:      grunt_orc_gardens, layout_caves, grunt_orc_garden, grunt_orc_garden,
          grunt_orc_garden, grunt_orc_garden, minmay_slime_entry_jelly_boxes,
          serial_shops, nicolae_shop_temple_entry_statues_fountains,
          nicolae_shop_waterfront, shop, shop_fountains, shop,
          minmay_orc_temple_b
Vaults:1: v_misc_27, dpeg_vaults_monster_box, v_misc_11, vaults_mumra_lcd,
          st_star, v_misc_8, nicolae_vaults_asterisk,
          nicolae_vaults_mini_display_case, vaults_dpeg_encased_lava,
          nicolae_vaults_little_ls, ontoclasm_vaults_chip,
          layout_vaults_omnicross, serial_shops, shop
Vaults:2: hangedman_vaults_stream, minmay_crypt_entry_simple_walls,
          vaults_standard_mumra_enter_the_diamond, vaults_room_pools,
          vaults_dpeg_ring, layout_vaults_omnigrid, serial_shops,
          nicolae_shop_stone, uniq_saint_roka
Forest:1: layout_twisted_forest, basic_altar
Forest:2: layout_twisted_forest
Forest:3: grunt_forest_end_shrine, layout_twisted_forest,
          grunt_forest_small_clearing_statue_fruit
Depths:1: layout_forbidden_donut, hell_entry, minmay_misc_feat_nine_boxes,
          serial_shops, kennysheep_mini_moat, chequers_serial_rivers_micro_d,
          chequers_serial_rivers_micro_e, chequers_serial_rivers_room_b,
          kennysheep_potato, serial_bayou_shore_b, uniq_asterion, uniq_zenata
Depths:2: hangedman_arrow_trap, layout_basic, enter_ziggurat_f, serial_shops,
          kennysheep_mini, gammafunk_ghost_wrathful_warriors, hell_entry,
          serial_sigils_hangedman_snap, mu_enter_wizlab_3, abyss_entry,
          wad_dig_loot
Depths:3: minmay_skeletal_surprise, layout_gridville, serial_shops, shop,
          biasface_ghost_demon_polymorph, rand_demon_pan_entry_9, minmay_holes,
          hangedman_coc_ice_floe, uniq_enchantress, uniq_mennas, uniq_jory
Depths:4: evilmike_cross, layout_gridlike, abyss_entry_glasseish,
          minmay_crystal_water, pf_hell_entry_great_geh, uniq_boris
Depths:5: evilmike_zot_entry_hall, layout_cave_pools,
          nicolae_abyss_entry_one_way_or_another, grunt_hell_entry_dis_grunt,
          roderic_st_hans_cross, st_stairs_10, hangedman_decor_push
Zot:1:    kennysheep_oblong_rooms, layout_basic
Zot:2:    layout_onion
Zot:3:    regret_index_malice_mire, layout_concentric_octagons,
          skrybe_zot_glass_1, hangedman_hellfire_club, grunt_megastairs_4
Zot:4:    layout_misc_corridors
Zot:5:    layout_twisted_circle, gammafunk_ghost_split,
          regret_index_zotdec_onion_hex

Table legend:
 A = Turns spent in this place as a percentage of turns spent in the entire game.
 B = Non-inter-level travel turns spent in this place as a percentage of non-inter-level travel turns spent in the entire game.
 C = Inter-level travel turns spent in this place as a percentage of turns spent in this place.
 D = Turns resting spent in this place as a percentage of non-inter-level travel turns spent in this place.
 E = Turns spent auto-exploring this place as a percentage of non-inter-level travel turns spent in this place.
 F = Non-inter-level travel turns spent in this place divided by the number of levels of this place that you've seen.
                   A       B       C       D       E      F
               +-------+-------+-------+-------+-------+----------------------
         Total | 100.0 | 100.0 |   9.0 |  33.2 |  51.2 | 1566.2
       Dungeon |  25.0 |  24.9 |   9.3 |  27.9 |  53.1 | 1525.8
        Temple |   0.1 |   0.1 |   0.0 |   0.0 |  74.0 |  77.0
          Lair |  14.6 |  13.7 |  14.9 |  29.8 |  56.1 | 1679.2
         Swamp |   6.2 |   6.5 |   3.9 |  37.1 |  46.8 | 1604.3
   Spider Nest |   6.8 |   7.1 |   5.3 |  28.7 |  52.5 | 1741.0
    Slime Pits |   4.7 |   4.9 |   6.3 |  49.0 |  34.9 | 718.8
  Orcish Mines |   2.4 |   2.2 |  16.1 |   5.0 |  65.7 | 1613.0
        Vaults |   6.1 |   6.4 |   4.1 |  32.3 |  56.9 | 2353.5
Spriggan Forest |   9.1 |   9.2 |   8.2 |  15.3 |  74.3 | 2263.3
        Depths |  11.7 |  11.0 |  14.1 |  42.8 |  44.2 | 1624.0
           Zot |  13.2 |  13.9 |   4.1 |  50.1 |  35.6 | 2052.8
      Ice Cave |   0.0 |   0.0 |   0.0 |   7.1 |   0.0 |  28.0
               +-------+-------+-------+-------+-------+----------------------

Table legend:
 A = Kills in this place as a percentage of kills in entire the game.
 B = Kills by you in this place as a percentage of kills by you in the entire game.
 C = Kills by friends in this place as a percentage of kills by friends in the entire game.
 D = Other kills in this place as a percentage of other kills in the entire game.
 E = Experience gained in this place as a percentage of experience gained in the entire game.
 F = Experience gained in this place divided by the number of levels of this place that you have seen.
                   A       B       C       D       E      F
               +-------+-------+-------+-------+-------+----------------------
         Total | 100.0 | 100.0 | 100.0 | 100.0 | 100.0 | 33690.5
       Dungeon |  20.7 |  20.6 |  22.1 |  20.0 |   3.6 | 4693.6
          Lair |   8.7 |   8.7 |   9.7 |  10.0 |   3.5 | 9144.8
         Swamp |   8.1 |   7.2 |  23.9 |   0.0 |   6.2 | 32933.0
   Spider Nest |   9.7 |   9.0 |  22.1 |   0.0 |   5.9 | 31150.0
    Slime Pits |   5.5 |   5.8 |   0.0 |   0.0 |   7.2 | 22758.2
  Orcish Mines |   4.3 |   3.9 |  10.6 |  10.0 |   0.8 | 13253.0
        Vaults |   6.9 |   6.8 |   8.8 |  20.0 |   5.3 | 41845.5
Spriggan Forest |   7.1 |   7.6 |   0.0 |   0.0 |   8.1 | 42885.0
        Depths |  15.7 |  16.3 |   2.7 |  40.0 |  24.2 | 76652.0
           Zot |  12.9 |  13.8 |   0.0 |   0.0 |  35.1 | 111209.0
      Ice Cave |   0.3 |   0.4 |   0.0 |   0.0 |   0.1 | 1319.0
               +-------+-------+-------+-------+-------+----------------------
